AoeStats
← 铁证如山王洪文

Arena

509596408Analyzed
4v4 RM · 3d ago on Sep 27, 2026· 32m 5s· 8 players
Game mode
Random Map
Map size
Large (8 player)
Population
200
Speed
Normal
Resources
Standard
Victory
Conquest
Starting age
Dark Age
Ending age
Imperial Age
RankedLock teamsTeams togetherTeam positionsShared explorationLock speedFull tech treeHidden civsTurbo modeCheats
Victory
Defeat
🇨🇳 Celts · China
1703
+5
1394
+14
🇨🇳 Poles · China
1383
+14
🇭🇰 Ethiopians · Hong Kong SAR China
1363
+15
🇨🇿 Wu · Czechia
1477
-17
🇹🇷 Romans · Türkiye
1356
-11
🇨🇳 Bengalis · China
1355
-11
🇳🇱 Vietnamese · Netherlands
1301
-9
Rakosnik
10:42 Feudal Age
11:58 Double-Bit Axe
14:53 Castle Age
12:52 Horse Collar
16:25 Scale Mail Armor
16:57 Bow Saw
18:53 Forging
21:30 Squires
21:16 Arson
23:31 Chain Mail Armor
27:37 Gold Mining
27:56 Heavy Plow
28:33 Wheelbarrow
27:44 Loom
28:45 Pikeman
31:05 Iron Casting
31:04 Bow Saw
笑春风
10:14 Feudal Age
11:16 Double-Bit Axe
14:43 Horse Collar
17:04 Loom
17:32 Fletching
23:16 Castle Age
23:08 Wheelbarrow
22:47 Padded Archer Armor
24:08 Bodkin Arrow
24:19 Gold Mining
24:42 Bow Saw
25:46 Ballistics
26:09 Husbandry
26:19 Bloodlines
27:47 Leather Archer Armor
铁证如山王洪文
10:13 Feudal Age
11:27 Double-Bit Axe
12:14 Loom
15:19 Castle Age
14:50 Horse Collar
19:34 Town Watch
26:26 Gold Mining
26:47 Bow Saw
27:15 Wheelbarrow
32:06 Scale Barding Armor
RogerV
9:41 Feudal Age
14:00 Castle Age
12:34 Double-Bit Axe
12:42 Horse Collar
15:01 Bow Saw
21:33 Heavy Plow
22:36 Gold Mining
22:39 Stone Mining
23:20 Light Cavalry
27:42 Squires
27:52 Scale Mail Armor
28:50 Chain Mail Armor
28:46 Forging
30:40 Wheelbarrow
32:48 Imperial Age
30:57 Iron Casting
30:03 Pikeman
31:58 Bloodlines
31:48 Husbandry
llsama
4:59 Loom
10:53 Feudal Age
11:40 Double-Bit Axe
14:34 Castle Age
12:53 Horse Collar
15:22 Heavy Plow
17:04 Bow Saw
20:36 Wheelbarrow
23:11 Scale Barding Armor
23:17 Forging
23:18 Gold Mining
24:17 Bloodlines
24:29 Chain Barding Armor
24:43 Szlachta Privileges
24:41 Husbandry
28:57 Iron Casting
小公子
9:45 Feudal Age
13:15 Castle Age
11:24 Double-Bit Axe
11:20 Horse Collar
21:57 Bow Saw
25:29 Imperial Age
23:41 Ballistics
23:42 Fletching
23:53 Padded Archer Armor
24:22 Gold Mining
24:48 Bodkin Arrow
25:04 Crossbowman
27:12 Chemistry
26:27 Thumb Ring
27:30 Bracer
27:29 Arbalester
29:26 Leather Archer Armor
30:55 Ring Archer Armor
顾慎为
4:52 Loom
9:58 Feudal Age
11:06 Double-Bit Axe
13:44 Castle Age
11:30 Double-Bit Axe
12:19 Horse Collar
14:56 Bow Saw
15:14 Heavy Plow
19:45 Wheelbarrow
22:22 Hand Cart
27:17 Imperial Age
24:38 Loom
24:38 Town Watch
24:44 Stone Mining
24:44 Gold Mining
25:07 Scale Mail Armor
25:17 Forging
27:04 Gold Shaft Mining
27:05 Stone Shaft Mining
26:41 Gambesons
27:36 Iron Casting
27:26 Elite Woad Raider
28:38 Chain Mail Armor
29:07 Conscription
30:05 Chemistry
30:06 Plate Mail Armor
29:07 Capped Ram
31:32 Blast Furnace
30:19 Arson
31:20 Siege Ram
32:19 Fletching
光棱攻城兵,不怕狗咬
7:14 Loom
9:06 Feudal Age
13:36 Wheelbarrow
14:09 Double-Bit Axe
15:57 Fletching
21:41 Castle Age
20:57 Horse Collar
Connection lost

Rejoining the realm…

Still unreachable

The connection could not be restored.

Session expired

The server has moved on; the page needs a fresh start.